 Dungeon Crawl Stone Soup version 0.30-a0-381-g6ea064c7b4 (webtiles) character file.

Game seed: 8118007840870456068

101 qeuew the Trooper (level 4, -4/40 HPs)
             Began as a Hill Orc Fighter on Dec 2, 2022.
             Was a Believer of Lugonu.
             Slain by Grinder (7 damage)
             ... on level 3 of the Dungeon.
             The game lasted 00:03:26 (1797 turns).

qeuew the Trooper (Hill Orc Fighter)                Turns: 1797, Time: 00:03:26

Health: -4/40      AC:  7    Str: 20    XL:     4   Next: 75%
Magic:  5/5        EV:  9    Int:  8    God:    Lugonu [**....]
Gold:   113        SH:  4    Dex: 10    Spells: 3/3 levels left

rFire   . . .      SeeInvis .    a - +1 war axe
rCold   . . .      Faith    .    c - +0 buckler
rNeg    . . .      Spirit   .    b - +0 scale mail
rPois   .          Reflect  .    (no helmet)
rElec   .          Harm     .    (no cloak)
rCorr   .          Rampage  .    (no gloves)
Will    .....                    (no boots)
Stlth   ..........               (no amulet)
HPRegen 0.26/turn                (no ring)
MPRegen 0.09/turn                (no ring)

@: mighty
A: no striking features
a: Renounce Religion, Depart the Abyss, Banish


You were on level 3 of the Dungeon.
You worshipped Lugonu.
Lugonu was pleased with you.
You visited 1 branch of the dungeon, and saw 3 of its levels.

You collected 113 gold pieces.

Inventory:

Hand Weapons
 a - a +1 war axe (weapon)
Missiles
 e - 2 throwing nets
Armour
 b - a +0 scale mail (worn)
 c - a +0 buckler (worn)
Scrolls
 g - a scroll of identify
 i - a scroll of noise {unknown}
Potions
 f - a potion of resistance
 h - a potion of heal wounds
 j - a potion of flight {unknown}


   Skills:
 + Level 4.2 Fighting
 * Level 4.1 Axes
 + Level 3.7 Armour
 + Level 1.1 Dodging
 + Level 3.7 Shields
 * Level 1.3 Invocations


You had 3 spell levels left.
You didn't know any spells.
Your spell library contained the following spells:

 Spells                   Type           Power      Damage    Failure   Level
 Freeze                   Ice            0%         1d3       85%         1
 Static Discharge         Conj/Air       0%         2-2/arc   94%         2
 Frozen Ramparts          Ice            0%         1d1       99%         3
 Hailstorm                Conj/Ice       0%         3d3       99%         3
 Stone Arrow              Conj/Erth      0%         3d7       99%         3
 Summon Guardian Golem    Hex/Summ       0%         N/A       99%         3
 Vhi's Electric Charge    Tloc/Air       0%         N/A       99%         3
 Animate Armour           Summ/Erth      0%         N/A       100%        4
 Arcjolt                  Conj/Air       0%         1d10      100%        5
 Lightning Bolt           Conj/Air       0%         1d11      100%        5
 Orb of Destruction       Conj           0%         9d5       100%        7
 Spellforged Servitor     Conj/Summ      0%         N/A       100%        7
 Lehudib's Crystal Spear  Conj/Erth      0%         10d2      100%        8


Dungeon Overview and Level Annotations

Branches:
Dungeon (3/15)

Altars:
Fedhas
Vehumet
Lugonu

Shops:
D:1 (

Annotations:
D:3 Grinder


Message History

Grinder hits you but does no damage.
You closely miss Grinder.
Grinder is lightly wounded.
Grinder gestures at you. Pain shoots through your body!
You slash Grinder!
Grinder is moderately wounded.
Grinder hits you.
You writhe in agony.
Grinder hits you but does no damage.
You slash Grinder!
Grinder is severely wounded.
Grinder drinks a potion.
Grinder is healed!
You closely miss Grinder.
Grinder is severely wounded.
Grinder hits you. x2; You writhe in agony.
You barely miss Grinder.
Grinder is heavily wounded.
Grinder closely misses you.
You closely miss Grinder.
Grinder is heavily wounded.
Grinder misses you.
You closely miss Grinder.
Grinder is heavily wounded.
You block Grinder's attack.
You barely miss Grinder.
Grinder is heavily wounded.
Grinder closely misses you. Grinder hits you.
You hit Grinder.
Grinder is heavily wounded.
Grinder hits you but does no damage.
You closely miss Grinder.
Grinder is heavily wounded.
Grinder hits you!
* * * LOW HITPOINT WARNING * * *
Unknown command.
You slash Grinder!
Grinder is severely wounded.
Grinder hits you.
* * * LOW HITPOINT WARNING * * *
Grinder hits you!
You die...

##.###.#.......##.#
#.#..[.........##.#
..#.####^####..##.#
#.#.# ..... #..##.#
....# ......#.###.#
###.#.......#.# #.#
#.#..._...^.###.##
#.#.......#.##.>.## #
#.#.......#..5@...# #
#.# ..... #..#....# #
#.#########.###.#.# #
#...............#.#
###..#####..#######.#
...............# .#
###.#####.#.##.# #
#.# #.#.##†# # #.#
#.#.##.#


You could see Grinder.

Vanquished Creatures
  2 adders
  A worm (D:3)
  2 dart slugs
  5 orcs (D:3)
  8 bats
  7 endoplasms
  6 giant cockroaches
  4 goblins
  2 hobgoblins
  10 kobolds
  4 quokkas
  5 ball pythons
  2 frilled lizards
  8 rats
66 creatures vanquished.

Vanquished Creatures (others)
  A plant (D:3)
1 creature vanquished.

Grand Total: 67 creatures vanquished

Notes
Turn   | Place    | Note
-------+----------+-------------------------------------------
     0 | D:1      | qeuew the Hill Orc Fighter began the quest for the Orb.
     0 | D:1      | Reached XP level 1. HP: 19/19 MP: 1/1
    46 | D:1      | Reached XP level 2. HP: 25/27 MP: 2/2
   301 | D:1      | Reached XP level 3. HP: 31/33 MP: 3/3
   382 | D:1      | Found Ryxops's Weapon Boutique.
   580 | D:2      | Found a radiant altar of Vehumet.
   869 | D:2      | Found a faded altar of an unknown god.
   887 | D:2      | Prayed at the altar of an unknown god.
   887 | D:2      | Became a worshipper of Lugonu the Unformed
   887 | D:2      | Reached * piety under Lugonu
   887 | D:2      | Reached ** piety under Lugonu
  1124 | D:2      | Reached skill level 1 in Dodging
  1235 | D:2      | Reached XP level 4. HP: 36/40 MP: 4/4
  1467 | D:3      | Reached skill level 1 in Invocations
  1487 | D:3      | Found a blossoming altar of Fedhas.
  1769 | D:3      | Noticed Grinder
  1777 | D:3      | Paralysed by Grinder for 4 turns
  1797 | D:3      | Slain by Grinder

Illustrated notes

Levels and vault maps discovered:
D:1:      psy_arrival_dodecagon, layout_basic, serial_shops, shop
D:2:      layout_basic, basic_ecumenical_altar, basic_altar
D:3:      layout_loops_ring, lemuel_tele_altar, corexii_shack,
          dk_noncrumbling_2, uniq_grinder

Skill      XL: |  1  2  3  4 |
---------------+-------------+-----
Axes           | 3 4 |  4.1
Fighting       | 4 |  4.2
Dodging        | 1 |  1.1
Invocations    | 1 |  1.3
Armour         | |  3.7
Shields        | |  3.7

Action                   |  1- 3 |  4- 6 || total
-------------------------+-------+-------++-------
Melee: War axe           |    92 |    83 ||   175
  Use: Scroll            |     4 |       ||     4
       Potion            |     2 |     3 ||     5
Armor: Scale mail        |    37 |    34 ||    71
Dodge: Dodged            |    45 |    37 ||    82
Block: Buckler           |    23 |    18 ||    41

Table legend: (Time is in decaauts)
 A = Elapsed time spent in this place.
 B = Non-inter-level travel time spent in this place.
 C = Inter-level travel time spent in this place.
 D = Time resting spent in this place.
 E = Time spent auto-exploring this place.
 F = Levels seen in this place.
 G = Mean time per level.
                   A        B        C        D        E       F      G
               +--------+--------+--------+--------+--------+-----+--------+
         Total |   1867 |   1761 |    106 |     34 |   1292 |   3 |  622.3 |
       Dungeon |   1867 |   1761 |    106 |     34 |   1292 |   3 |  622.3 |
               +--------+--------+--------+--------+--------+-----+--------+

Top non-repeatable levels by time:
     D:2: 872 daAuts
     D:1: 580 daAuts
     D:3: 414 daAuts
